 Dungeon Crawl Stone Soup version 0.28-a0-1555-g9ae15a6949 (webtiles) character file.

Game seed: 5155863306957099437

11025 sizableburger the Spear-Bearer (level 11, -1/84 HPs)
             Began as a Mummy Abyssal Knight on Jan 18, 2022.
             Was an Elder of Lugonu.
             Slain by a minotaur (6 damage)
             ... in a Gauntlet.
             The game lasted 00:41:28 (18269 turns).

sizableburger the Spear-Bearer (MuAK)              Turns: 18269, Time: 00:41:29

Health: -1/84      AC: 23    Str: 16    XL:     11   Next: 43%
Magic:  21/23      EV: 10    Int: 14    God:    Lugonu [****..]
Gold:   569        SH:  0    Dex: 13    Spells: 24/27 levels left

rFire   x . .      SeeInvis .   r - +8 glaive of the Guard {elec, spectral, AC+5}
rCold   + . .      Faith    .   (shield currently unavailable)
rNeg    + + +      Spirit   .   n - +4 scale mail
rPois   ∞          Reflect  .   l - +0 helmet
rElec   .          Harm     .   k - +1 cloak {Stlth+}
rCorr   .          Rampage  .   c - +2 pair of gloves
Will    +....      NoTele   +   f - +0 pair of boots
Stlth   +.........              (no amulet)
HPRegen 0.24/turn               (no ring)
MPRegen 0.18/turn               (no ring)

@: no status effects
A: cold resistance 1, negative energy resistance 3, torment resistance 2, heat
vulnerability 1, no potions
a: Renounce Religion, Depart the Abyss, Bend Space, Banish, Corrupt


You were in a Gauntlet.
You worshipped Lugonu.
Lugonu was greatly pleased with you.
You visited 1 branch of the dungeon, and saw 11 of its levels.
You visited the Abyss 1 time.
You also visited: Gauntlet.

You collected 949 gold pieces.
You spent 380 gold pieces at shops.

Inventory:

Hand Weapons
 b - a +0 halberd
 d - a +0 trident
 r - the +8 glaive of the Guard (weapon) {elec, spectral, AC+5}
   (You acquired it on level 8 of the Dungeon)

   It occasionally discharges a powerful burst of electricity upon striking a
   foe.
   When it strikes, its spirit leaps out and fights alongside the wielder.
   AC:        It affects your AC (+5).
Missiles
 e - 4 boomerangs (quivered)
 o - 35 poisoned darts
Armour
 c - a +2 pair of gloves (worn)
 f - a +0 pair of boots (worn)
 k - a +1 cloak of stealth (worn)
 l - a +0 helmet (worn)
 n - a +4 scale mail (worn)
Jewellery
 s - the ring of Filuagg {rC- rN++ Int+6 Stlth+}
   (You found it in a Gauntlet)

   [ring of intelligence]

   Int:       It affects your intelligence (+6).
   rC:        It makes you vulnerable to cold.
   rN:        It greatly protects you from negative energy.
   Stlth:     It makes you more stealthy.
Wands
 a - a wand of digging (6)
 m - a wand of iceblast (5)
 q - a wand of flame (21)
Scrolls
 h - a scroll of teleportation
 i - a scroll of vulnerability
 j - 3 scrolls of identify
 p - 2 scrolls of magic mapping


   Skills:
 + Level 7.1 Fighting
 + Level 9.2 Polearms
 - Level 3.0 Armour
 - Level 3.7 Dodging
 + Level 8.5 Spellcasting
 - Level 5.5 Summonings
 + Level 6.5 Invocations


You had 24 spell levels left.
You knew the following spells:

 Your Spells              Type           Power      Damage    Failure   Level
a - Call Canine Familiar  Summ           21%        N/A       14%         3

Your spell library contained the following spells:

 Spells                   Type           Power      Damage    Failure   Level
 Summon Small Mammal      Summ           84%        N/A       4%          1
 Summon Guardian Golem    Hex/Summ       13%        N/A       38%         3
 Sandblast                Erth           12%        2d6       41%         1
 Orb of Destruction       Conj           3%         9d5       100%        7
 Spellforged Servitor     Conj/Summ      6%         N/A       100%        7
 Lehudib's Crystal Spear  Conj/Erth      3%         10d2      100%        8
 Beastly Appendage        Tmut           Unusable   N/A       N/A         1
 Spider Form              Tmut/Pois      Unusable   N/A       N/A         3
 Storm Form               Tmut/Air       Unusable   N/A       N/A         7

Dungeon Overview and Level Annotations

Branches:
Dungeon (11/15)            Temple (0/1) D:4            Lair (0/6) D:11
    Orc (0/2) D:9         Gauntlet (1/1)

Altars:
Ashenzari
Dithmenos
Gozag
Kikubaaqudgha
Makhleb
Okawaru
Qazlal
Ru
Sif Muna
Trog
Vehumet
The Shining One

Shops:
D:1 :   D:5 [   D:7 :

Annotations:
D:6 1 runed translucent door, fragbeetle's ghost, novice DrTm
D:9 5 transporters
D:10 1 runed translucent door, Adrian566's ghost, journeyman DsFi
Abyss:1 Maggie Gauntlet 10 transporters


Innate Abilities, Weirdness & Mutations

You are immune to poison.
Your flesh is cold resistant. (rC+)
You are immune to negative energy. (rN+++)
You are immune to unholy pain and torment.
You are vulnerable to heat. (rF-)
You do not drink.


Message History

Your +8 glaive of the Guard {elec, spectral, AC+5} hits the minotaur!
The minotaur hits your +8 glaive of the Guard {elec, spectral, AC+5} with a staff of air!!
Your spectral weapon shares its damage with you!
Your +8 glaive of the Guard {elec, spectral, AC+5} is electrocuted.
Your +8 glaive of the Guard {elec, spectral, AC+5} fades away.
Press: ? - help, Shift-Dir - straight line, f/p - minotaur
Aim: a minotaur, wielding a staff of air, wearing a +0 plate armour and quivering silver javelins (heavily wounded, chance to affect: 20%)
Okay, then.
Okay, then.
Blink to where?
Press: ? - help, Dir - move target, p - minotaur
As you read the scroll of blinking, it crumbles to dust.
You can't drink.
Okay, then.
Casting: Call Canine Familiar (dangerous; 14% risk of failure)
Confirm with . or Enter, or press ? or * to list all spells.
Something hits your hound!!
Your hound is electrocuted!
Your hound dies!
Your hound's corpse disappears in a puff of smoke!
You slash the minotaur!
The minotaur is heavily wounded.
Your +8 glaive of the Guard {elec, spectral, AC+5} hits the minotaur but does no damage.
The minotaur throws a silver javelin.
The silver javelin closely misses you.
The silver javelin misses your +8 glaive of the Guard {elec, spectral, AC+5}.
You catch the helpless minotaur completely off-guard!
You hit the minotaur.
The minotaur is heavily wounded.
Your +8 glaive of the Guard {elec, spectral, AC+5} barely misses the minotaur.
The minotaur hits you with a staff of air!!
* * * LOW HITPOINT WARNING * * *
You are electrocuted.
* * * LOW HITPOINT WARNING * * *
The minotaur closely misses you.
You barely miss the minotaur.
The minotaur furiously retaliates!
The minotaur headbutts you, but does no damage.
The minotaur is heavily wounded.
Your +8 glaive of the Guard {elec, spectral, AC+5} hits the minotaur.
The minotaur hits you but does no damage.
You are electrocuted.
You die...

#####...#..#..#####..#
#...#.8.####.#..#..#.#
###.#.....©#.#..#..#.#
#.#.8.####3.##.##..#
#.#...#..#3.[.©[[..#
#.#.8.#..###########
#.#...#≈...........§
#.H(8.#∩...........§ #
#.#@..#≈............ .#
#.#.8.#..########### ..
#.#...#..#..?2©)=..# #.
#.#.8.####.^^#.#^^.#
...##.###.#.....©#....#....#
#....H§H.#.8.####.#5.#..#.#
##########...#..#.#######^#
#≈8≈#..#.#.©#..#.#
#..#....#....#


You could see a minotaur, 2 sixfirhies and a friendly +8 glaive of the Guard
{elec, spectral, AC+5} (summoned).

Vanquished Creatures
  A moth of wrath (Gauntlet)
  An unseen horror (D:10)
  A kobold demonologist (D:10)
  A troll (D:10)
  A hornet (D:8)
  14 yaks
  A shadow (D:10)
  A wyvern (D:10)
  3 vampire mosquitoes
  A warg (D:9)
  3 water moccasins
  An orc warrior (D:10)
  A sky beast (D:7)
  A black bear (D:5)
  3 necrophages
  3 ogres
  4 wolves (Gauntlet)
  4 centaurs
  2 phantoms
  4 kobold brigands
  2 bullfrogs
  2 gnoll sergeants (D:8)
  4 scorpions
  A water moccasin zombie (D:5)
  A water moccasin skeleton (D:4)
  5 killer bees (D:8)
  7 wights
  4 howler monkeys
  3 centaur zombies
  3 orc priests
  6 jellies
  3 centaur skeletons
  4 hounds
  A gnoll shaman (D:6)
  Jessica (D:2)
  An iguana (D:6)
  10 orc wizards
  A howler monkey zombie (D:10)
  12 gnolls
  5 adders
  A shadow imp (D:5)
  A white imp (D:4)
  3 ufetubi
  An adder skeleton (D:4)
  3 worms
  A dart slug (D:1)
  32 orcs
  3 ball pythons
  6 bats
  14 endoplasms
  4 giant cockroaches
  7 hobgoblins
  5 jackals
  3 quokkas
  3 frilled lizards
  5 goblins
  16 kobolds
  5 rats
240 creatures vanquished.

Vanquished Creatures (others)
  3 fungi (Gauntlet)
  48 plants
51 creatures vanquished.

Grand Total: 291 creatures vanquished

Notes
Turn   | Place    | Note
-------+----------+-------------------------------------------
     0 | Abyss:1  | sizableburger the Mummy Abyssal Knight began the quest for
                  | the Orb.
     0 | Abyss:1  | Reached XP level 1. HP: 18/18 MP: 2/2
   167 | Abyss:1  | Noticed an orange demon
   180 | Abyss:1  | Noticed a starcursed mass
   189 | D:1      | Escaped the Abyss
   393 | D:1      | Found Ojomp's Book Emporium.
   421 | D:1      | Reached skill level 2 in Polearms
   471 | D:1      | Reached XP level 2. HP: 24/24 MP: 3/3
   676 | D:1      | Found a faded altar of an unknown god.
   946 | D:1      | Reached * piety under Lugonu
  1373 | D:2      | You fall into a shaft and drop 1 floor!
  1531 | D:2      | Reached XP level 3. HP: 29/29 MP: 4/4
  1613 | D:2      | Noticed Jessica
  1617 | D:2      | Killed Jessica
  1618 | D:2      | Reached skill level 3 in Polearms
  1983 | D:2      | Reached XP level 4. HP: 35/35 MP: 5/5
  2676 | D:3      | Reached ** piety under Lugonu
  2741 | D:3      | Found an iron altar of Okawaru.
  2764 | D:3      | Found a stormy altar of Qazlal.
  2825 | D:3      | Noticed a centaur
  2840 | D:3      | Killed a centaur
  2841 | D:3      | Reached XP level 5. HP: 6/42 MP: 6/6
  3466 | D:4      | Found an opulent altar of Gozag.
  3487 | D:4      | Reached skill level 4 in Polearms
  4790 | D:4      | Reached XP level 6. HP: 30/50 MP: 7/7
  5030 | D:5      | Entered Level 5 of the Dungeon
  5672 | D:4      | Reached skill level 5 in Fighting
  5749 | D:4      | Found a staircase to the Ecumenical Temple.
  6112 | D:4      | Reached XP level 7. HP: 49/56 MP: 8/8
  6236 | D:4      | Reached *** piety under Lugonu
  6978 | D:5      | Found a shimmering blue altar of Sif Muna.
  7083 | D:5      | Reached skill level 5 in Polearms
  7245 | D:5      | Reached XP level 8. HP: 28/64 MP: 10/10
  7558 | D:5      | Found a broken altar of Ashenzari.
  7866 | D:5      | Found Qoaxeod's Armour Emporium.
  7871 | D:5      | Bought a +0 cloak of stealth for 115 gold pieces
  7871 | D:5      | Bought a +0 helmet for 45 gold pieces
  7988 | D:5      | Reached skill level 1 in Dodging
  8648 | D:6      | Identified the +4 rapier of Poih Ceu {antimagic, *Rage
                  | rElec rN+}
  8676 | D:6      | Noticed Maggie
  8908 | D:6      | Found a burning altar of Makhleb.
  9094 | D:6      | Noticed fragbeetle's ghost (novice DrTm)
  9100 | D:6      | Found a runed translucent door.
  9170 | D:6      | Found a shadowy altar of Dithmenos.
  9175 | D:6      | Reached skill level 6 in Polearms
  9336 | D:7      | Reached skill level 5 in Invocations
  9625 | D:7      | HP: 1/65 [kobold brigand (3)]
  9628 | D:7      | Reached XP level 9. HP: 2/71 MP: 12/12
 10146 | D:7      | Got Niyfiuli's Incunabulum of Earthen Shape Shifting
 10420 | D:7      | Found Ehykhuu's Book Shop.
 10426 | D:7      | Bought a book of Callings for 220 gold pieces
 10435 | D:7      | Learned a level 3 spell: Call Canine Familiar
 10536 | D:6      | Found a bloodstained altar of Trog.
 10972 | D:6      | Banished Maggie
 11548 | D:7      | Reached skill level 1 in Summonings
 11821 | D:7      | Found an ancient bone altar of Kikubaaqudgha.
 12360 | D:8      | Reached skill level 7 in Polearms
 12490 | D:8      | Reached skill level 1 in Spellcasting
 13420 | D:9      | Found a transporter.
 13421 | D:9      | Noticed a two-headed ogre
 13423 | D:9      | Banished a two-headed ogre
 13424 | D:9      | Reached XP level 10. HP: 77/77 MP: 9/15
 13440 | D:9      | Found a transporter.
 13883 | D:9      | Found a transporter.
 13925 | D:9      | Found a transporter.
 14003 | D:9      | Found a staircase to the Orcish Mines.
 14054 | D:9      | Reached skill level 5 in Spellcasting
 14181 | D:9      | Found a transporter.
 14183 | D:9      | Found a transporter.
 14912 | D:9      | Reached skill level 8 in Polearms
 15131 | D:8      | Identified a scroll of acquirement
 15271 | D:8      | Acquired the +8 glaive of the Guard {elec, spectral, AC+5}
 15271 | D:8      | Found the +8 glaive of the Guard {elec, spectral, AC+5}
 15949 | D:10     | Entered Level 10 of the Dungeon
 16096 | D:10     | Reached **** piety under Lugonu
 16202 | D:10     | Reached skill level 5 in Summonings
 16261 | D:10     | Reached XP level 11. HP: 62/83 MP: 22/22
 16377 | D:10     | Found a sacrificial altar of Ru.
 16417 | D:10     | Found a runed translucent door.
 16427 | D:10     | Noticed Adrian566's ghost (journeyman DsFi)
 16555 | D:10     | Found a radiant altar of Vehumet.
 16952 | D:10     | Reached skill level 9 in Polearms
 17323 | D:11     | Found a gate leading to a gauntlet.
 17330 | Gauntlet | Entered a Gauntlet
 17330 | Gauntlet | Found a transporter.
 17330 | Gauntlet | Found a transporter.
 17336 | Gauntlet | Found a transporter.
 17336 | Gauntlet | Found a transporter.
 17398 | Gauntlet | Found a transporter.
 17398 | Gauntlet | Noticed a sixfirhy
 17400 | Gauntlet | Noticed a sixfirhy
 17405 | Gauntlet | Found a transporter.
 17405 | Gauntlet | Noticed a sixfirhy
 17406 | Gauntlet | Found a transporter.
 17418 | Gauntlet | Found a transporter.
 17465 | Gauntlet | Found a transporter.
 17509 | Gauntlet | Found a transporter.
 17529 | Gauntlet | Found a transporter.
 17545 | Gauntlet | Found a transporter.
 17548 | Gauntlet | Found a transporter.
 17548 | Gauntlet | Noticed a reaper
 17641 | Gauntlet | Found a transporter.
 17655 | Gauntlet | Found a transporter.
 17675 | Gauntlet | Found a transporter.
 17990 | Gauntlet | Identified the ring of Filuagg {rC- rN++ Int+6 Stlth+}
 18045 | Gauntlet | Banished a sixfirhy
 18252 | Gauntlet | Noticed a minotaur
 18269 | Gauntlet | Slain by a minotaur

Illustrated notes

Levels and vault maps discovered:
D:1:      nzn_arrival_depleted_hourglass, layout_basic, serial_forest,
          infiniplex_forest_lined_corner, infiniplex_forest_lined_1,
          infiniplex_forest_lined_room_2, infiniplex_forest_clump_double,
          infiniplex_forest_corner_2, ebering_ecumenical_altar_box,
          serial_shops, nicolae_shop_hallway_stairs
D:2:      layout_basic, uniq_jessica
D:3:      layout_loops_cross, mainiacjoe_overflow_small_starburst,
          mainiacjoe_overflow_concentric_impassable, grunt_decor_junction,
          grunt_ministairs_15, nicolae_figureground_pulse
D:4:      minmay_polygon_palace, layout_loops_ring, grunt_gozag_statues,
          temple_green, nicolae_zen_rock_garden, hangedman_abyss_or_decor_stabs
D:5:      layout_rooms, mainiacjoe_overflow_catch_the_wave, serial_shops,
          nicolae_shop_hallway_stairs
D:6:      layout_cave_pools, marbit_many_paths,
          mainiacjoe_overflow_cross_hatched, mainiacjoe_overflow_24_doors,
          hellmonk_ghost_happy_afterlife, nicolae_grassy_gnolls, uniq_maggie
D:7:      layout_cave_pods, lemuel_zombie_altar_kikubaaqudgha, tso_metal_star,
          serial_shops, shop
D:8:      layout_basic, abandoned_shop
D:9:      layout_roguey, david_orc_3, serial_nicolae_subway,
          nicolae_sub_station_metal, nicolae_sub_station_stone,
          nicolae_sub_station_crystal
D:10:     layout_stronghold, mainiacjoe_overflow_catwalk,
          general_overflow_altar, ebering_ghost_inner_flame
D:11:     layout_irregular_city, lair_entry_dummy, gauntlet_entry_generic
Gauntlet: gammafunk_gauntlet_branching [gammafunk_gauntlet_arena_grid,
          gammafunk_gauntlet_arena_arrow_garden,
          gammafunk_gauntlet_arena_split_diamond,
          gammafunk_gauntlet_arena_spirals, gammafunk_gauntlet_arena_split_x,
          gammafunk_gauntlet_arena_hedges, nicolae_gauntlet_arena_t_cross,
          nicolae_gauntlet_arena_quarters, dreamdust_gauntlet_exit_labyrinth]

Skill      XL: |  1  2  3  4  5  6  7  8  9 10 11 |
---------------+----------------------------------+-----
Polearms       | 2 3 4 5 6 7 8 9 |  9.2
Fighting       | 4 5 6 7 |  7.1
Invocations    | 2 3 5 6 |  6.5
Armour         | 2 3 |  3.0
Dodging        | 2 3 |  3.7
Summonings     | 2 5 |  5.5
Spellcasting   | 3 7 8 |  8.5

Action                   |  1- 3 |  4- 6 |  7- 9 | 10-12 || total
-------------------------+-------+-------+-------+-------++-------
Melee: Spear             |   126 |   308 |   136 |       ||   570
       Trident           |       |       |   423 |    13 ||   436
       Halberd           |       |       |    24 |   146 ||   170
       Punch             |       |       |     1 |       ||     1
       Glaive            |       |       |       |    88 ||    88
Throw: Dart              |       |     4 |       |       ||     4
       Boomerang         |       |       |     5 |     5 ||    10
 Cast: Call Canine Famil |       |       |       |     1 ||     1
Invok: Depart the Abyss  |     1 |       |       |       ||     1
       Bend Space        |       |     2 |     9 |     1 ||    12
       Banish            |       |       |     3 |     4 ||     7
Evoke: Wand              |       |       |     1 |       ||     1
  Use: Scroll            |     1 |     4 |    11 |     6 ||    22
 Stab: Sleeping          |     3 |       |       |       ||     3
       Invisible         |       |     3 |       |       ||     3
       Distracted        |       |       |       |     1 ||     1
Armor: Leather armour    |    23 |    37 |       |       ||    60
       Scale mail        |       |    51 |   299 |   165 ||   515
Dodge: Dodged            |    37 |    91 |   298 |   115 ||   541
Block: Buckler           |    10 |    31 |    81 |       ||   122

Table legend: (Time is in decaauts)
 A = Elapsed time spent in this place.
 B = Non-inter-level travel time spent in this place.
 C = Inter-level travel time spent in this place.
 D = Time resting spent in this place.
 E = Time spent auto-exploring this place.
 F = Levels seen in this place.
 G = Mean time per level.
                   A        B        C        D        E       F      G
               +--------+--------+--------+--------+--------+-----+--------+
         Total |  18326 |  17459 |    867 |   6910 |   6601 |  13 | 1409.7 |
       Dungeon |  17193 |  16326 |    867 |   6607 |   6409 |  11 | 1563.0 |
         Abyss |    189 |    189 |      0 |      0 |    108 |   1 |  189.0 |
      Gauntlet |    944 |    944 |      0 |    303 |     84 |   1 |  944.0 |
               +--------+--------+--------+--------+--------+-----+--------+

Top non-repeatable levels by time:
     D:4: 3306 daAuts
     D:8: 2268 daAuts
     D:7: 2227 daAuts
     D:3: 1930 daAuts
     D:9: 1495 daAuts
     D:5: 1411 daAuts
    D:10: 1380 daAuts
     D:6: 1256 daAuts
     D:1: 1177 daAuts
Gauntlet: 944 daAuts
     D:2: 722 daAuts
 Abyss:1: 189 daAuts
    D:11: 16 daAuts
